 Dungeon Crawl Stone Soup version 0.26.1 (webtiles) character file.

Game seed: 10916502561278248664

3302 DasRunzen the Conjurer (level 9, -1/65 HPs)
             Began as a Demigod Conjurer on Feb 5, 2021.
             Killed from afar by Maurice (9 damage)
             ... with an iceblast
             ... on level 8 of the Dungeon.
             The game lasted 00:17:14 (10308 turns).

DasRunzen the Conjurer (Demigod Conjurer)          Turns: 10308, Time: 00:17:16

Health: -1/65      AC:  3    Str: 18    XL:     9   Next: 42%
Magic:  15/19      EV: 15    Int: 17    God:
Gold:   462        SH:  5    Dex: 14    Spells: 14/17 levels left

rFire    . . .     SeeInvis .   f - +8 mace "Owuleuty" {flame, rElec rC++ Int-3}
rCold    + + +     Faith    .   (no shield)
rNeg     . . .     Spirit   .   p - +0 robe {rC+}
rPois    .         Reflect  +   (no helmet)
rElec    +         Harm     .   r - +0 cloak (curse)
rCorr    .         Rampage  .   (no gloves)
Will     .....                  (no boots)
Stlth    ++........             h - amulet of reflection
HPRegen  0.20/turn              a - ring of protection from cold
MPRegen  0.16/turn              (no ring)

@: no status effects
A: dopey 1, frail 1, high mp 1, strong 1, evolution 1
a: no special abilities


You were on level 8 of the Dungeon.
You visited 1 branch of the dungeon, and saw 8 of its levels.
You also visited: Sewer.

You collected 558 gold pieces.
You spent 96 gold pieces at shops.

Inventory:

Hand Weapons
 f - the +8 mace "Owuleuty" (weapon) {flame, rElec rC++ Int-3}
   (You took it off a kobold on level 6 of the Dungeon)

   It has been specially enchanted to burn those struck by it, causing extra
   injury to most foes and up to half again as much damage against particularly
   susceptible opponents.
   It affects your intelligence (-3).
   It greatly protects you from cold.
   It insulates you from electricity.
Armour
 b - a +0 kite shield
 p - a +0 robe of cold resistance (worn)
 r - a cursed +0 cloak (worn)
Magical Staves
 i - an uncursed staff of earth
Jewellery
 a - a ring of protection from cold (left hand)
 h - an amulet of reflection (around neck)
 q - a cursed amulet of inaccuracy {unknown}
Wands
 u - a wand of random effects (29)
Scrolls
 k - 7 scrolls of remove curse
 l - a scroll of teleportation
 m - a scroll of magic mapping
 s - a scroll of enchant weapon
Potions
 d - 6 potions of curing
 e - 4 potions of heal wounds
 g - a potion of magic
 j - 3 potions of flight
 n - a potion of ambrosia
 o - a potion of brilliance
 v - a potion of invisibility {unknown}


   Skills:
 + Level 4.8 Fighting
 + Level 2.0 Maces & Flails
 + Level 4.7 Armour
 + Level 5.3 Dodging
 - Level 1.7 Stealth
 + Level 4.9 Shields
 + Level 4.8 Spellcasting
 + Level 6.2 Conjurations


You had 14 spell levels left.
You knew the following spells:

 Your Spells              Type           Power        Failure   Level
a - Magic Dart            Conj           100%         1%          1
b - Searing Ray           Conj           50%          1%          2

Your spell library contained the following spells:

 Spells                   Type           Power        Failure   Level
 Dazzling Flash           Conj/Hex       28%          12%         3
 Fulminant Prism          Conj/Hex       7%           38%         4
 Iskenderun's Mystic Bla  Conj/Tloc      14%          38%         4


Dungeon Overview and Level Annotations

Branches:
Dungeon (8/15)             Temple (0/1) D:5           Sewer (visited)
   Lair: D:8-11

Shops:
D:5 !   D:6 }   D:8 ?

Annotations:
D:8 Maurice


Innate Abilities, Weirdness & Mutations

You have an increased reservoir of magic. (+10% MP)
You are dopey. (Int -2)
You are frail. (-10% HP)
Your muscles are strong. (Str +2)
You evolve.


Message History

The searing ray hits the steam dragon.
You kill the steam dragon!
The steam dragon scales are intact enough to wear.
The searing ray hits Maurice!
Maurice is moderately wounded.
The ufetubus misses you. The ufetubus closely misses you.
You block the ufetubus's attack. The ufetubus closely misses you.
An orc wizard comes into view. It is wielding a +0 dagger.
Maurice points at himself and mumbles some strange words.
Maurice flickers and vanishes!
Deactivating autopickup; reactivate with Ctrl-A.
Your Maces & Flails skill increases to level 2!
An orc priest comes into view. It is wielding a +0 flail.
You hear a zap.
An iceblast appears from out of thin air!
The mass of ice explodes!
The iceblast engulfs the ufetubus!
The ufetubus partially resists.
The ufetubus dies!
The iceblast engulfs you! You partially resist.
You die...

#.#...... ...... .#
#.#.##### <..... #.#
#.#.##### ...... ..#
#........ ......# #.##
#...##### .......
#..######...# .......
#...........#
.......###........#..#
#.o..{†.@...####.#..#
#.#######...# #.#..#
#...####.#..####
#o..#..........##
#.#.#.##.#.#.8.8.
##.#...##.#.+..⌠.⌠
...#...##.###.8.∩.
...............⌠.⌠
#####.#.)#..#..8.8.


You could see an orc priest (wandering) and an orc wizard.

Vanquished Creatures
  A centaur zombie (D:6)
  Eustachio (D:5)
  A steam dragon (D:8)
  5 ice beasts
  A sky beast (D:6)
  A phantom (D:8)
  An ogre (D:4)
  A centaur (D:7)
  2 big kobolds
  Blork the orc (D:5)
  3 bullfrogs
  4 scorpions
  A quasit (D:8)
  A bullfrog skeleton (D:5)
  2 bullfrog zombies
  Crazy Yiuf (D:5)
  3 orc priests
  5 hounds
  5 orc wizards
  A centaur skeleton (D:4)
  4 iguanas
  8 worker ants
  A hound skeleton (D:5)
  2 howler monkey zombies
  A worker ant zombie (D:7)
  10 gnolls
  14 adders
  4 white imps
  2 oozes (D:3)
  An adder zombie (D:5)
  2 worms (D:3)
  A dart slug (D:3)
  9 leopard geckos
  20 orcs
  3 giant cockroaches
  4 hobgoblins
  5 jackals
  A quokka (D:5)
  A ball python skeleton (D:4)
  4 bats
  10 frilled lizards
  5 goblins
  16 kobolds
  A quokka zombie (D:6)
  10 rats
180 creatures vanquished.

Vanquished Creatures (others)
  An ufetubus (D:8)
1 creature vanquished.

Grand Total: 181 creatures vanquished

Notes
Turn   | Place    | Note
-------+----------+-------------------------------------------
     0 | D:1      | DasRunzen the Demigod Conjurer began the quest for the Orb.
     0 | D:1      | Reached XP level 1. HP: 14/14 MP: 5/5
   678 | D:1      | Reached XP level 2. HP: 21/22 MP: 2/7
   681 | D:1      | Learned a level 2 spell: Searing Ray
  1621 | D:2      | Reached XP level 3. HP: 27/27 MP: 8/8
  1775 | D:2      | Reached skill level 1 in Fighting
  1877 | D:2      | Reached skill level 1 in Armour
  2085 | D:2      | Reached skill level 1 in Shields
  2227 | D:3      | Reached XP level 4. HP: 4/35 MP: 1/9
  2711 | D:3      | Found a broken altar of Ashenzari.
  2928 | D:3      | Reached skill level 4 in Conjurations
  3330 | D:3      | Found a shimmering altar of Xom.
  3334 | D:3      | Found a glowing silver altar of Zin.
  3339 | D:3      | Found a blossoming altar of Fedhas.
  3461 | D:4      | Noticed an ogre
  3467 | D:4      | Killed an ogre
  3468 | D:4      | Reached XP level 5. HP: 41/41 MP: 4/11
  3602 | D:4      | Found a glowing drain.
  3629 | Sewer    | Entered a sewer
  3817 | Sewer    | Reached XP level 6. HP: 48/48 MP: 3/13
  3915 | Sewer    | Found a white marble altar of Elyvilon.
  4916 | D:4      | Reached XP level 7. HP: 56/56 MP: 5/14
  5171 | D:5      | Entered Level 5 of the Dungeon
  5693 | D:5      | Noticed Eustachio
  5704 | D:5      | Killed Eustachio
  5717 | D:5      | Reached skill level 5 in Conjurations
  6211 | D:5      | Noticed Blork the orc
  6221 | D:5      | Killed Blork the orc
  6255 | D:5      | Reached XP level 8. HP: 57/63 MP: 10/16
  6471 | D:5      | Found a staircase to the Ecumenical Temple.
  6548 | D:5      | Found Wuatyemm's Distillery.
  6556 | D:5      | Bought a potion of mutation for 96 gold pieces
  6556 | D:5      | Gained mutation: You are dopey. (Int -2) [potion of
                  | mutation]
  6556 | D:5      | Gained mutation: You evolve. [potion of mutation]
  6556 | D:5      | Gained mutation: You are frail. (-10% HP) [potion of
                  | mutation]
  6556 | D:5      | Gained mutation: Your muscles are strong. (Str +2) [potion
                  | of mutation]
  6719 | D:5      | Found a runed translucent door.
  6720 | D:5      | Noticed Crazy Yiuf
  6727 | D:5      | Killed Crazy Yiuf
  7439 | D:6      | Found a shadowy altar of Dithmenos.
  7448 | D:6      | Identified the +8 mace "Owuleuty" {flame, rElec rC++ Int-3}
  8074 | D:6      | Found Fosot's Gadget Boutique.
  8274 | D:7      | Found a hide-covered altar of Uskayaw.
  8287 | D:7      | Reached XP level 9. HP: 13/64 MP: 19/19
  8292 | D:7      | Reached skill level 5 in Dodging
  8662 | D:7      | Reached skill level 1 in Maces & Flails
  8682 | D:7      | Found a stormy altar of Qazlal.
  9218 | D:7      | Found a stormy altar of Qazlal.
  9230 | D:7      | Reached skill level 6 in Conjurations
  9614 | D:7      | Found an opulent altar of Gozag.
  9615 | D:7      | Found a shimmering blue altar of Sif Muna.
  9917 | D:8      | Found Puczem's Magic Scroll Emporium.
 10302 | D:8      | Noticed Maurice
 10308 | D:8      | Killed from afar by Maurice

Illustrated notes

Levels and vault maps discovered:
D:1:      matt_arrival_los_fun, layout_loops_ring, chequers_avenue
D:2:      layout_basic, minivault_26
D:3:      layout_basic, minitemple, ashenzari_altar_1, chequers_jeans
D:4:      layout_gridville, serial_glass, glass_columns_a, glass_columns_b,
          portal_sewer_entry_f, patterned_corridor
D:5:      layout_cave_pools, minmay_temple_entry_wispy, serial_shops, shop,
          uniq_eustachio, uniq_crazy_yiuf_cottage, uniq_blork_the_orc
D:6:      layout_basic, basic_altar, serial_shops, shop, corexii_checkpoint_a
D:7:      layout_basic, chequers_temple_overflow_statue_of_worship,
          nicolae_overflow_hidden_temple, eat_drink_and_be_merry_uskayaw,
          nicolae_qazlal_general_emergency
D:8:      layout_basic, lair_entry_dummy, serial_shops,
          nicolae_shop_temple_entry_statues_fountains, uniq_maurice

Skill      XL: |  1  2  3  4  5  6  7  8  9 |
---------------+----------------------------+-----
Dodging        | 2 3 4 5 |  5.3
Spellcasting   | 2 3 4 |  4.8
Fighting       | 1 2 3 4 |  4.8
Armour         | 1 2 3 4 |  4.7
Shields        | 1 2 3 4 |  4.9
Conjurations   | 4 5 6 |  6.2
Maces & Flails | 2 |  2.0
Stealth        | |  1.7

Action                   |  1- 3 |  4- 6 |  7- 9 || total
-------------------------+-------+-------+-------++-------
Melee: Spear             |    76 |    75 |    78 ||   229
       Quarterstaff      |       |       |    49 ||    49
       Mace              |       |       |   133 ||   133
 Cast: Magic Dart        |    30 |       |       ||    30
       Searing Ray       |     6 |    21 |    31 ||    58
  Use: Scroll            |    10 |     2 |     4 ||    16
       Potion            |       |     2 |     1 ||     3
 Stab: Sleeping          |     5 |     5 |     5 ||    15
       Distracted        |       |       |     1 ||     1
       Paralysed         |       |       |     1 ||     1
Armor: Robe              |    14 |     5 |    37 ||    56
Dodge: Dodged            |    40 |    60 |   227 ||   327
Block: Other             |    15 |    19 |    73 ||   107
       Reflection        |       |       |     5 ||     5
